 Dungeon Crawl Stone Soup version 0.29.1-13-g9f3cf754e1 (webtiles) character file.

Game seed: 15626919515971582599

1 Thatpatchoflichen the Caller (level 1, 0/10 HPs)
             Began as a Deep Elf Summoner on Jan 25, 2023.
             Slain by a quokka (4 damage)
             ... on level 1 of the Dungeon.
             The game lasted 00:00:48 (25 turns).

Thatpatchoflichen the Caller (Deep Elf Summoner)      Turns: 25, Time: 00:00:50

Health: 0/10       AC:  2    Str:  5    XL:     1   Next: 16%
Magic:  4/6        EV: 12    Int: 19    God:
Gold:   0          SH:  0    Dex: 15    Spells: 5/6 levels left

rFire   . . .      SeeInvis .   (no weapon)
rCold   . . .      Faith    .   (no shield)
rNeg    . . .      Spirit   .   a - +0 robe
rPois   .          Reflect  .   (no helmet)
rElec   .          Harm     .   (no cloak)
rCorr   .          Rampage  .   (no gloves)
Will    .....                   (no boots)
Stlth   ++........              (no amulet)
HPRegen 0.03/turn               (no ring)
MPRegen 0.10/turn               (no ring)

@: no status effects
A: no striking features
a: no special abilities


You were on level 1 of the Dungeon.
You visited 1 branch of the dungeon, and saw 1 of its levels.

Inventory:

Armour
 a - a +0 robe (worn)
Potions
 b - a potion of magic


   Skills:
 + Level 0.0 Fighting
 + Level 2.4 Dodging
 + Level 2.4 Stealth
 - Level 3.0 Spellcasting
 + Level 4.4 Summonings


You had 5 spell levels left.
You knew the following spells:

 Your Spells              Type           Power      Damage    Failure   Level
a - Summon Small Mammal   Summ           76%        N/A       2%          1

Your spell library contained the following spells:

 Spells                   Type           Power      Damage    Failure   Level
 Call Imp                 Summ           19%        N/A       3%          2
 Call Canine Familiar     Summ           19%        N/A       8%          3
 Summon Guardian Golem    Hex/Summ       11%        N/A       19%         3
 Summon Lightning Spire   Summ/Air       11%        N/A       52%         4


Dungeon Overview and Level Annotations

Branches:
Dungeon (1/15)

Altars:


Message History

Found two stairs.
You open the door.
There is an open door here.
You open the door.
A quokka and an endoplasm come into view.
Found a scroll labelled VUACSI IRAASM.
Casting: Summon Small Mammal (safe; 2% risk of failure)
Press: ? - help, Q - select action Dir - look around, f - activate
Casting: Summon Small Mammal (safe; 2% risk of failure)
Press: ? - help, Q - select action Dir - look around, f - activate You swap places.
You swap places.
Your bat misses the quokka. The quokka bites your bat.
Your quokka bites the endoplasm.
The endoplasm quivers.
Your bat hits the endoplasm but does no damage. x2
The endoplasm barely misses your quokka.
Your quokka bites the endoplasm but does no damage.
Your bat hits the endoplasm but does no damage.
Your quokka bites the endoplasm.
The endoplasm hits your quokka.
You closely miss the quokka.
Your bat hits the endoplasm but does no damage.
The quokka bites you.
Your quokka bites the endoplasm.
The endoplasm dies!
The quokka bites you.
You closely miss the quokka.
The quokka bites you but does no damage.
The quokka attacks as you move away! The quokka barely misses you.
The quokka attacks as you move away! The quokka bites you.
Your bat misses the quokka.
Your bat hits the quokka but does no damage.
The quokka twitches its whiskers.
The quokka attacks as you move away!
The quokka bites you but does no damage.
Your bat hits the quokka but does no damage.
Casting: Summon Small Mammal (safe; 2% risk of failure)
Press: ? - help, Q - select action Dir - look around, f - activate Your bat disappears in a puff of smoke!
The quokka bites you but does no damage.
The quokka bites you.
You die...

#.⌠...⌠..#
#..###..###
#..#<#....#
#..#'#..#.#
#.⌠...⌠.#.##
#..........#
##.........#
#.####...#.###..#
#......@...# ..#
######rr.#####..#
##§........
#r#######. #.#
#'# ... .....
?......


You could see a quokka (ally target) and 2 friendly quokkas.

Vanquished Creatures (collateral kills)
  An endoplasm (D:1)
1 creature vanquished.

Notes
Turn   | Place    | Note
-------+----------+-------------------------------------------
     0 | D:1      | Thatpatchoflichen the Deep Elf Summoner began the quest for
                  | the Orb.
     0 | D:1      | Reached XP level 1. HP: 10/10 MP: 6/6
    25 | D:1      | Slain by a quokka

Illustrated notes

Levels and vault maps discovered:
D:1:      scummos_arrival_simple_fountains, layout_loops_corners

Action                   || total
-------------------------++-------
Melee: Unarmed           ||     2
 Cast: Summon Small Mamm ||     3
Armor: Robe              ||     3
Dodge: Dodged            ||     1
